[Event "Titled Tuesday Blitz January 31 Early 2023"]
[White "Salimova, Nurgyul"]
[Black "Kosteniuk, Alexandra"]
[WhiteFideId "2915138"]
[BlackFideId "4128125"]
[WhiteElo "2391"]
[BlackElo "2535"]
[Result "1-0"]
[Round "07"]
[TimeControl "180+2"]
[Date "2023.01.31"]
[WhiteClock "0:00:06"]
[BlackClock "0:00:03"]

1. d4 f5 2. Nf3 Nf6 3. g3 g6 4. Bg2 Bg7 5. O-O d6 6. c4 O-O 7. d5 a5 8. Nc3 Na6 9. Nd4 Nc5 10. b3 Nfe4 11. Nxe4 fxe4 12. Be3 Bg4 13. Qc2 Qd7 14. Bxe4 Nxe4 15. Qxe4 Bf5 16. Qh4 Bh3 17. Rfd1 Rf7 18. Rac1 Raf8 19. Nf3 Bg4 20. Ng5 Bf6 21. f3 Bxg5 22. Bxg5 Bf5 23. Bh6 Qe8 24. e4 Bd7 25. Bxf8 Qxf8 26. f4 Qg7 27. Rd2 h6 28. c5 g5 29. fxg5 hxg5 30. Qh5 Qe5 31. Qe2 Bh3 32. Qe3 dxc5 33. a4 Qf6 34. Rf2 Qxf2+ 35. Qxf2 Rxf2 36. Kxf2 b6 37. Ke3 Kf7 38. Kf3 Bd7 39. h4 Kg6 40. hxg5 Kxg5 41. Rh1 Bg4+ 42. Ke3 Kf6 43. Kf4 Be2 44. e5+ Kg6 45. Rh8 Bd1 46. Rc8 Bxb3 47. Rxc7 Bxd5 48. Rxe7 c4 49. Rd7 Be6 50. Rd6 Kf7 51. Rxb6 Bd7 52. Rb7 Ke6 53. Rc7 Bxa4 54. Rxc4 Be8 55. Rc5 a4 56. Ra5 Bd7 57. g4 Be8 58. g5 Ke7 59. Ra6 Kf7 60. g6+ Kg7 61. Kg5 Bb5 62. Ra7+ 1-0


[Site "https://www.chess.com"]

[Event "Titled Tuesday Blitz January 31 Early 2023"]
[White "Lamaze, Simon"]
[Black "Azarov, Sergei"]
[WhiteFideId "36069264"]
[BlackFideId "13501470"]
[WhiteElo "2363"]
[BlackElo "2582"]
[Result "0-1"]
[Round "07"]
[TimeControl "180+2"]
[Date "2023.01.31"]
[WhiteClock "0:01:13"]
[BlackClock "0:01:03"]

1. e4 e5 2. Nf3 Nc6 3. Bc4 Bc5 4. Nc3 Nf6 5. d3 d6 6. Na4 Bb4+ 7. c3 Ba5 8. b4 Bb6 9. h3 Be6 10. Bxe6 fxe6 11. O-O O-O 12. Nh2 Qe8 13. Nxb6 axb6 14. a4 Nh5 15. Be3 Nf4 16. Bxf4 Rxf4 17. Ng4 Qg6 18. Ne3 h5 19. Ra2 Qh6 20. Qe2 Ne7 21. Rfa1 Raf8 22. Qe1 Ng6 23. a5 b5 24. a6 bxa6 25. Rxa6 Rxf2 26. Qxf2 Rxf2 27. Kxf2 Qf4+ 28. Ke2 Qg3 29. Rf1 Nf4+ 30. Kd2 Nxg2 31. Nd1 Nf4 32. Ne3 Qh2+ 0-1


[Site "https://www.chess.com"]

[Event "Titled Tuesday Blitz January 31 Early 2023"]
[White "Corrales Jimenez, Fidel"]
[Black "Md, Imran"]
[WhiteFideId "3506690"]
[BlackFideId "25748580"]
[WhiteElo "2489"]
[BlackElo "2284"]
[Result "1/2-1/2"]
[Round "07"]
[TimeControl "180+2"]
[Date "2023.01.31"]
[WhiteClock "0:00:34"]
[BlackClock "0:00:18"]

1. d4 Nf6 2. c4 e6 3. Nc3 d5 4. cxd5 exd5 5. Nf3 Bf5 6. Bf4 Nc6 7. e3 Bd6 8. Bxd6 Qxd6 9. Bd3 Bg4 10. O-O O-O 11. h3 Bh5 12. Rc1 a6 13. a3 Rfe8 14. Be2 h6 15. Ne1 Bxe2 16. Nxe2 Nd8 17. Nd3 Ne6 18. Qb3 Rab8 19. Rc2 c6 20. Rfc1 Ne4 21. Qb4 Qxb4 22. Nxb4 g5 23. f3 Nd6 24. Kf2 f5 25. a4 f4 26. exf4 gxf4 27. Nd3 Nf5 28. Rd2 Nexd4 29. Nxd4 Nxd4 30. Rcd1 b5 31. Nxf4 Ne6 32. Nh5 Kf7 33. Rc2 bxa4 34. Ra1 Rb4 35. Rxc6 Rxb2+ 36. Kg1 d4 37. Rxa4 d3 38. Rd6 d2 39. Kh2 Rd8 40. Rxd8 Nxd8 41. Rd4 Ne6 42. Rd7+ Kg6 43. Ng3 Nc5 44. Rd6+ Kf7 45. Nf1 Nb3 46. Ne3 a5 47. Kg3 Rb1 48. Kf2 a4 49. Ra6 Nc5 50. Ra5 Rc1 51. Ke2 Rc3 52. Kxd2 Rd3+ 53. Ke2 Rc3 54. g4 a3 55. Nd5 Rc2+ 56. Kd1 Rc4 57. Ne3 Rc3 58. Nf5 a2 59. Rxa2 Rxf3 60. Ra5 Ne4 61. Nxh6+ Kg6 62. Ra6+ Rf6 63. Rxf6+ Kxf6 64. Ke2 Kg5 65. Nf5 Kf4 66. Kf1 Ng5 67. Kg2 Ne4 68. Nd4 Nf6 69. Ne2+ Ke3 70. Kg3 Ne4+ 71. Kh4 Kxe2 72. g5 Kf3 73. g6 Kf4 74. Kh5 Kf5 75. Kh6 Kf6 76. h4 Nd6 77. h5 Ne8 78. Kh7 Kg5 79. h6 Nf6+ 80. Kg7 Nh5+ 81. Kh7 Nf6+ 82. Kg7 Nh5+ 83. Kf7 Kxh6 84. g7 Nxg7 1/2-1/2


[Site "https://www.chess.com"]

[Event "Titled Tuesday Blitz January 31 Early 2023"]
[White "Lortkipanidze, Nodar"]
[Black "Orlov, Georgi"]
[WhiteFideId "13604058"]
[BlackFideId "2011271"]
[WhiteElo "2406"]
[BlackElo "2453"]
[Result "0-1"]
[Round "07"]
[TimeControl "180+2"]
[Date "2023.01.31"]
[WhiteClock "0:00:45"]
[BlackClock "0:00:01"]

1. e4 e6 2. Qe2 d5 3. exd5 Nf6 4. dxe6 Bxe6 5. Nc3 Bc5 6. Nf3 O-O 7. Qd1 Nc6 8. Be2 Qd6 9. O-O Ng4 10. Ne4 Qd5 11. Nxc5 Qxc5 12. d4 Qd6 13. h3 Nf6 14. c4 Bf5 15. d5 Ne5 16. Be3 Rfe8 17. Qd4 Ng6 18. Rfd1 b6 19. Rac1 Nd7 20. Qc3 Nc5 21. b4 Ne4 22. Qb2 Ng3 23. c5 Nxe2+ 24. Qxe2 Qf6 25. Nd4 Be4 26. Nb5 Bxg2 27. Qc4 Bf3 28. Rd4 Ne5 29. Kh2 Nxc4 30. Rcxc4 Qe7 31. d6 cxd6 32. Nxd6 Red8 33. Kg3 bxc5 34. bxc5 Bc6 35. Rf4 Qe5 36. h4 f6 37. Kh3 Qe6+ 38. Kh2 Qd5 39. Rce4 Qd1 40. Rg4 Bxe4 41. Rxe4 Qe2 42. Re7 Qf3 43. h5 Rab8 44. h6 gxh6 45. Nf7 Qh5+ 46. Kg3 Qg6+ 47. Kf4 Rb4+ 48. Kf3 Qg4# 0-1


[Site "https://www.chess.com"]

[Event "Titled Tuesday Blitz January 31 Early 2023"]
[White "Costachi, Mihnea"]
[Black "Ordekalog"]
[WhiteFideId "1217518"]
[WhiteElo "2476"]
[BlackElo "2589"]
[Result "1/2-1/2"]
[Round "07"]
[TimeControl "180+2"]
[Date "2023.01.31"]
[WhiteClock "0:00:29"]
[BlackClock "0:00:12"]

1. Nc3 d5 2. d4 Nf6 3. Bf4 Bg4 4. f3 Bh5 5. g4 Bg6 6. h4 h6 7. e3 e6 8. Nh3 a6 9. Bd3 Bxd3 10. Qxd3 c5 11. dxc5 Bxc5 12. O-O-O Nc6 13. g5 hxg5 14. hxg5 Nd7 15. g6 f6 16. Nxd5 exd5 17. Qxd5 Qe7 18. Nf2 Rxh1 19. Rxh1 Bxe3+ 20. Bxe3 Qxe3+ 21. Kb1 O-O-O 22. Ne4 Nde5 23. Qe6+ Kb8 24. a3 Qxf3 25. Re1 Rd1+ 26. Rxd1 Qxd1+ 27. Ka2 Qd7 28. Qg8+ Ka7 29. Nc5 Qe7 30. Ne6 Nxg6 31. Nxg7 Nge5 32. b3 Qf7 33. Qh8 Qg6 34. Kb2 Nd4 35. Qc8 Qxg7 36. Qc5+ b6 37. Qxd4 Qd7 38. Qf4 Qe6 39. a4 a5 40. Qh4 Qd6 41. Qh7+ Nd7 42. Qf7 Qd4+ 43. Kb1 Qd1+ 44. Kb2 Qd6 45. Kb1 Kb8 46. Qe8+ Kc7 47. Qa8 Qc6 48. Qe8 Ne5 49. Qe7+ Nd7 50. Qe8 Qh1+ 51. Kb2 Qd5 52. Kb1 Qh1+ 53. Kb2 Qb7 54. Qe6 Qc6 55. Qe7 Qd6 56. Qf7 Qe5+ 57. Kb1 f5 58. Qc4+ Kd6 59. Qd3+ Kc7 60. Qc4+ Nc5 61. Qf7+ Nd7 62. Qc4+ 1/2-1/2


[Site "https://www.chess.com"]

[Event "Titled Tuesday Blitz January 31 Early 2023"]
[White "Nouri, Alekhine"]
[Black "Lotfizadeh, Mehdi"]
[WhiteFideId "5216184"]
[BlackFideId "42513618"]
[WhiteElo "2257"]
[BlackElo "1529"]
[Result "1-0"]
[Round "07"]
[TimeControl "180+2"]
[Date "2023.01.31"]
[WhiteClock "0:00:41"]
[BlackClock "0:01:11"]

1. e4 c5 2. Nc3 d6 3. Nf3 a6 4. d4 cxd4 5. Nxd4 e6 6. Be3 b5 7. Qd2 Bb7 8. f3 Nd7 9. O-O-O Ngf6 10. g4 Nb6 11. Qf2 Nfd7 12. a3 Rc8 13. Kb1 Rxc3 14. bxc3 Be7 15. h4 O-O 16. g5 Qc7 17. Bd2 Na4 18. Qe3 Ne5 19. h5 Nc4 20. Bxc4 bxc4 21. Ka2 d5 22. Rb1 dxe4 23. fxe4 Nc5 24. g6 Nxe4 25. h6 fxg6 26. hxg7 Rf7 27. Qh6 Nf6 28. Nxe6 Qd6 29. Rxb7 1-0


[Site "https://www.chess.com"]

[Event "Titled Tuesday Blitz January 31 Early 2023"]
[White "Bilych, Olexiy"]
[Black "Bouget, Alexandre"]
[WhiteFideId "14156504"]
[BlackFideId "681318"]
[WhiteElo "2441"]
[BlackElo "2267"]
[Result "1-0"]
[Round "07"]
[TimeControl "180+2"]
[Date "2023.01.31"]
[WhiteClock "0:00:22"]
[BlackClock "0:00:15"]

1. d4 c6 2. c4 b5 3. cxb5 cxb5 4. e4 Bb7 5. Bd3 Nf6 6. Qe2 Nc6 7. Nf3 Nb4 8. Bxb5 Bxe4 9. O-O Nc2 10. Bg5 Bg6 11. Nc3 Nxa1 12. Rxa1 h6 13. Bh4 e6 14. Ne5 Be7 15. Bxf6 Bxf6 16. Nxd7 Ke7 17. Nd5+ Kd6 18. N5xf6 gxf6 19. Qf3 a6 20. Qa3+ Kc7 21. Rc1+ Kb7 22. Bc6+ Ka7 23. Qc5+ Qb6 24. Qxb6# 1-0


[Site "https://www.chess.com"]

[Event "Titled Tuesday Blitz January 31 Early 2023"]
[White "Nazari, Arad"]
[Black "Lucassen, Mickey"]
[WhiteFideId "12577324"]
[BlackFideId "12919110"]
[WhiteElo "2367"]
[BlackElo "2023"]
[Result "1/2-1/2"]
[Round "07"]
[TimeControl "180+2"]
[Date "2023.01.31"]
[WhiteClock "0:00:31"]
[BlackClock "0:00:05"]

1. e4 c5 2. Nf3 d6 3. Bb5+ Bd7 4. Bxd7+ Qxd7 5. O-O Nc6 6. c3 Nf6 7. Re1 e6 8. d4 cxd4 9. cxd4 d5 10. e5 Ne4 11. a3 Be7 12. Qd3 O-O 13. Nbd2 Nxd2 14. Bxd2 a5 15. Re3 f5 16. exf6 Bxf6 17. Rae1 Rae8 18. Bc3 Re7 19. Qb5 a4 20. Kf1 Ra8 21. h3 g6 22. Qe2 Rae8 23. g4 Nd8 24. Bb4 Rf7 25. Kg2 Nc6 26. Bc3 Rfe7 27. Qb5 Nd8 28. Qd3 Nc6 29. Ng1 e5 30. dxe5 Nxe5 31. Bxe5 Rxe5 32. Rxe5 Rxe5 33. Rd1 Qc6 34. Nf3 Re6 35. Qxd5 Qxd5 36. Rxd5 Bxb2 37. Ra5 Bxa3 38. Rxa4 Bc5 39. Ra8+ Kg7 40. Rc8 b6 41. Rc7+ Re7 42. Rc6 Re2 43. Rc7+ Kg8 44. Ng5 Rxf2+ 45. Kh1 Rf1+ 46. Kg2 Rf2+ 47. Kh1 Rf1+ 48. Kg2 Rf2+ 1/2-1/2


[Site "https://www.chess.com"]

[Event "Titled Tuesday Blitz January 31 Early 2023"]
[White "Roux, Baptiste"]
[Black "Grandelius, Nils"]
[WhiteFideId "36017450"]
[BlackFideId "1710400"]
[WhiteElo "2300"]
[BlackElo "2664"]
[Result "0-1"]
[Round "07"]
[TimeControl "180+2"]
[Date "2023.01.31"]
[WhiteClock "0:00:34"]
[BlackClock "0:02:11"]

1. e4 c5 2. Nf3 a6 3. c3 d5 4. exd5 Nf6 5. d4 cxd4 6. Nxd4 Qxd5 7. Qb3 e5 8. Qxd5 Nxd5 9. Nf3 Nc6 10. Bc4 Nb6 11. Bb3 Bg4 12. Nbd2 f6 13. O-O O-O-O 14. h3 Bh5 15. a4 Na5 16. Be6+ Kb8 17. b4 Nc6 18. Nc4 Nxc4 19. Bxc4 e4 20. Nh4 Ne5 21. Bf4 Bd6 22. Bd5 g5 23. Bxe5 Bxe5 24. g4 gxh4 25. Bxe4 Bg6 26. Bxg6 hxg6 27. Rac1 Rd3 28. Rfd1 Rhd8 0-1


[Site "https://www.chess.com"]

[Event "Titled Tuesday Blitz January 31 Early 2023"]
[White "Skuhala, Barbara"]
[Black "Zhigalko, Sergei"]
[WhiteFideId "14605465"]
[BlackFideId "13502956"]
[WhiteElo "2153"]
[BlackElo "2572"]
[Result "1-0"]
[Round "07"]
[TimeControl "180+2"]
[Date "2023.01.31"]
[WhiteClock "0:00:23"]
[BlackClock "0:00:02"]

1. e4 c5 2. Nf3 d6 3. d4 cxd4 4. Nxd4 Nf6 5. f3 e5 6. Nb3 Be7 7. c4 O-O 8. Nc3 a5 9. Be3 Be6 10. Be2 a4 11. Nd2 Qa5 12. O-O Nbd7 13. Rc1 Bd8 14. Kh1 Bb6 15. Bxb6 Nxb6 16. Nd5 Nfd7 17. f4 Bxd5 18. exd5 f5 19. fxe5 Nxe5 20. Nf3 Nxf3 21. Rxf3 Nd7 22. Bd3 g6 23. Re3 Rae8 24. Qe2 Qd8 25. Re1 Rxe3 26. Qxe3 Nc5 27. Bf1 Qf6 28. b4 axb3 29. axb3 Ne4 30. Bd3 Nc5 31. b4 Nd7 32. c5 f4 33. Qh3 Ne5 34. Be4 Kg7 35. c6 bxc6 36. dxc6 h5 37. b5 Ng4 38. Qf3 Qh4 39. Qc3+ Kh6 40. h3 Nf2+ 41. Kg1 f3 42. Qe3+ Kg7 43. Qxf2 Qg5 44. Bxf3 Qxb5 45. c7 Qc4 46. Qb2+ Kh6 47. Qc1+ Qxc1 48. Rxc1 Rc8 49. Bb7 Rxc7 50. Rxc7 1-0


[Site "https://www.chess.com"]

[Event "Titled Tuesday Blitz January 31 Early 2023"]
[White "Oparin, Grigoriy"]
[Black "Arabidze, Meri"]
[WhiteFideId "24125890"]
[BlackFideId "13604040"]
[WhiteElo "2667"]
[BlackElo "2441"]
[Result "1-0"]
[Round "07"]
[TimeControl "180+2"]
[Date "2023.01.31"]
[WhiteClock "0:01:34"]
[BlackClock "0:01:22"]

1. c4 f5 2. g3 Nf6 3. Bg2 e6 4. Nf3 d5 5. O-O Nc6 6. d4 Be7 7. b3 O-O 8. Nc3 Ne4 9. Bb2 Bf6 10. e3 b6 11. Rc1 Bb7 12. Qe2 a5 13. Rfd1 Nb4 14. a3 Na6 15. Ne5 Qe7 16. cxd5 exd5 17. Nb5 c5 18. f3 Ng5 19. h4 Nf7 20. f4 Rfd8 21. h5 Nh6 22. Rc2 a4 23. bxa4 c4 24. Bc3 Nc7 25. Bb4 Nxb5 26. Bxe7 Bxe7 27. axb5 Rxa3 28. Nxc4 1-0


[Site "https://www.chess.com"]

[Event "Titled Tuesday Blitz January 31 Early 2023"]
[White "Yuan, Qingyu"]
[Black "Royal, Shreyas"]
[WhiteFideId "8609772"]
[BlackFideId "448869"]
[WhiteElo "2373"]
[BlackElo "2438"]
[Result "1-0"]
[Round "07"]
[TimeControl "180+2"]
[Date "2023.01.31"]
[WhiteClock "0:00:10"]
[BlackClock "0:00:34"]

1. e4 e5 2. Nf3 Nc6 3. Bb5 a6 4. Ba4 Nf6 5. d3 b5 6. Bb3 Be7 7. a4 b4 8. a5 d6 9. h3 h6 10. O-O O-O 11. Nbd2 Be6 12. Re1 Qd7 13. Nc4 Rfe8 14. Be3 Bf8 15. Ba4 Bxc4 16. dxc4 Red8 17. Qd3 Rab8 18. Nd2 b3 19. c3 Rb7 20. f3 Rdb8 21. Red1 g6 22. Bf2 h5 23. Nf1 Bh6 24. Be3 Bxe3+ 25. Nxe3 Kg7 26. Nd5 Ng8 27. Nb4 Nxb4 28. cxb4 c6 29. b5 axb5 30. cxb5 cxb5 31. Bxb3 Rd8 32. a6 Ra7 33. Bd5 Ne7 34. Bb7 h4 35. Kh1 Nc8 36. Ra5 Nb6 37. Rxb5 Na4 38. Qb3 Rb8 39. Qxa4 Qc7 40. Qb4 Qc2 41. Qd2 Qc4 42. Rd5 Rbxb7 43. axb7 Rxb7 44. Rxd6 Rb3 45. Rd3 Rb8 46. Qc3 Qb5 47. Rd5 Qe2 48. Qxe5+ Kh7 49. Qxb8 1-0


[Site "https://www.chess.com"]

[Event "Titled Tuesday Blitz January 31 Early 2023"]
[White "Klose, Eli"]
[Black "Urazayev, Arystanbek"]
[WhiteFideId "16242955"]
[BlackFideId "13709810"]
[WhiteElo "1519"]
[BlackElo "2460"]
[Result "0-1"]
[Round "07"]
[TimeControl "180+2"]
[Date "2023.01.31"]
[WhiteClock "0:01:31"]
[BlackClock "0:02:19"]

1. e4 c5 2. Nc3 e6 3. g3 Nc6 4. Bg2 Nf6 5. d3 d5 6. Nge2 Be7 7. exd5 exd5 8. d4 O-O 9. O-O cxd4 10. Nxd4 Bc5 11. Nb3 Bb6 12. Bg5 d4 13. Nd5 Qd6 14. Bxf6 gxf6 15. Qh5 f5 16. Rfe1 Qg6 17. Qe2 Be6 18. Nxb6 axb6 19. Qb5 f4 20. Nxd4 Nxd4 21. Be4 Nxb5 0-1


[Site "https://www.chess.com"]

[Event "Titled Tuesday Blitz January 31 Early 2023"]
[White "Maksimovic, Bojan"]
[Black "Zhu, Jiner"]
[WhiteFideId "14408120"]
[BlackFideId "8608059"]
[WhiteElo "2486"]
[BlackElo "2507"]
[Result "0-1"]
[Round "07"]
[TimeControl "180+2"]
[Date "2023.01.31"]
[WhiteClock "0:00:01"]
[BlackClock "0:00:25"]

1. e4 c5 2. Nf3 e6 3. d4 cxd4 4. Nxd4 a6 5. Nc3 b5 6. Bd3 Bb7 7. O-O Nc6 8. Nxc6 Bxc6 9. Re1 d6 10. Qf3 Nf6 11. Qg3 Be7 12. Qxg7 Rg8 13. Qh6 b4 14. Nd5 exd5 15. exd5 Nxd5 16. Bg5 Qd7 17. Qxh7 Nf6 18. Bxf6 Rxg2+ 19. Kf1 Rg1+ 20. Ke2 Qg4+ 21. Kd2 Qf4+ 22. Re3 Rxa1 23. Bxe7 Qxf2+ 24. Re2 Qf4+ 25. Re3 Rd1+ 26. Kxd1 Qxe3 27. Bh4 Bf3+ 28. Be2 Qxe2+ 29. Kc1 Qd1# 0-1


[Site "https://www.chess.com"]

[Event "Titled Tuesday Blitz January 31 Early 2023"]
[White "Rakhmanov, Aleksandr"]
[Black "Priasmoro, Novendra"]
[WhiteFideId "4173708"]
[BlackFideId "7105029"]
[WhiteElo "2632"]
[BlackElo "2504"]
[Result "1-0"]
[Round "07"]
[TimeControl "180+2"]
[Date "2023.01.31"]
[WhiteClock "0:01:13"]
[BlackClock "0:01:18"]

1. e4 e5 2. d4 exd4 3. Nf3 Nc6 4. Bc4 Nf6 5. e5 d5 6. Bb5 Ne4 7. Nxd4 Bd7 8. Bxc6 bxc6 9. O-O Bc5 10. Be3 Bb6 11. f3 Ng5 12. Nd2 c5 13. N4b3 c4 14. Nc5 Ne6 15. b4 d4 16. Bf2 Bxc5 17. bxc5 c3 18. Nb3 Bb5 19. Re1 d3 20. cxd3 Qxd3 21. Qxd3 Bxd3 22. Re3 Rd8 23. Rd1 Bb5 24. Rxd8+ Kxd8 25. Rxc3 Kc8 26. Be3 Rd8 27. Kf2 Rd1 28. Rc1 Rxc1 29. Nxc1 Kd7 30. c6+ Kxc6 31. Bxa7 Kd5 32. Ne2 Kxe5 33. Nc3 Ba6 34. Ke3 g5 35. g3 f5 36. f4+ gxf4+ 37. gxf4+ Kd6 38. Bd4 c5 39. Be5+ Kc6 40. Kf3 1-0


[Site "https://www.chess.com"]

[Event "Titled Tuesday Blitz January 31 Early 2023"]
[White "Bosnjak, Petar"]
[Black "De Silva, L M S T"]
[WhiteFideId "14532581"]
[BlackFideId "9953698"]
[WhiteElo "2337"]
[BlackElo "2452"]
[Result "1-0"]
[Round "07"]
[TimeControl "180+2"]
[Date "2023.01.31"]
[WhiteClock "0:00:32"]
[BlackClock "0:00:05"]

1. d4 Nf6 2. c4 e6 3. Nf3 d5 4. Nc3 Be7 5. Bf4 O-O 6. e3 a6 7. cxd5 e5 8. dxe5 Nh5 9. Bg3 Bg4 10. Be2 Nd7 11. Qd4 Bxf3 12. Bxf3 Nxg3 13. hxg3 Bc5 14. Qc4 Nxe5 15. Qe4 Ng6 16. O-O Re8 17. Qc2 Bd6 18. Rad1 Re5 19. Ne4 h5 20. Nxd6 cxd6 21. Rd4 Rc8 22. Qe2 h4 23. gxh4 Nxh4 24. g3 Rc2 25. Qd1 Rc1 26. Qe2 Rc2 27. Qd1 Nxf3+ 28. Qxf3 Rxb2 29. Rh4 Rxa2 30. Qh1 Qxh4 31. Qxh4 Rf5 32. Qd8+ Kh7 33. Qxd6 Rd2 34. e4 Rf6 35. Qc7 b5 36. e5 Rf5 37. e6 fxe6 38. dxe6 Re2 39. Qd6 Rfe5 40. Qxa6 Rxe6 41. Qxb5 R2e5 42. Qd3+ Kg8 43. Kg2 Re8 44. Rh1 Re4 45. Qd5+ R8e6 46. Qd8+ Re8 47. Qd5+ R8e6 48. Rh4 Re5 49. Qd8+ Re8 50. Qd7 R5e7 51. Qd5+ Re6 52. Re4 Kf7 53. f4 g6 54. g4 Kf6 55. g5+ Kf7 56. f5 gxf5 57. Qxf5+ Kg7 58. Rxe6 Rf8 59. Rf6 Re8 60. Rf7+ Kg8 61. Qh7# 1-0


[Site "https://www.chess.com"]

[Event "Titled Tuesday Blitz January 31 Early 2023"]
[White "Averjanov, Alexey"]
[Black "Lewtak, Damian"]
[WhiteFideId "14109867"]
[BlackFideId "1141724"]
[WhiteElo "2399"]
[BlackElo "2381"]
[Result "1-0"]
[Round "07"]
[TimeControl "180+2"]
[Date "2023.01.31"]
[WhiteClock "0:01:36"]
[BlackClock "0:01:15"]

1. d4 Nf6 2. c4 g6 3. Nc3 d5 4. cxd5 Nxd5 5. e4 Nxc3 6. bxc3 Bg7 7. Nf3 O-O 8. Be3 c5 9. Qd2 cxd4 10. cxd4 Bg4 11. Rc1 Nc6 12. d5 Bxf3 13. gxf3 Ne5 14. Be2 e6 15. f4 Nd7 16. dxe6 fxe6 17. Qd6 Re8 18. Rc7 Nb6 19. Qxd8 Rexd8 20. Rxb7 Bc3+ 21. Kf1 Bd4 22. Kg2 Bxe3 23. fxe3 Rd2 24. Kf3 Rc8 25. Rxa7 Rcc2 26. Re1 e5 27. a4 Nd7 28. a5 Nf8 29. a6 Ne6 30. Re7 Nf8 31. a7 Ra2 32. Bc4+ Kh8 33. Bxa2 1-0


[Site "https://www.chess.com"]

[Event "Titled Tuesday Blitz January 31 Early 2023"]
[White "Garv Gaur"]
[Black "Shipov, Sergei"]
[WhiteFideId "45030839"]
[BlackFideId "4113624"]
[WhiteElo "2006"]
[BlackElo "2541"]
[Result "1-0"]
[Round "07"]
[TimeControl "180+2"]
[Date "2023.01.31"]
[WhiteClock "0:00:04"]
[BlackClock "0:00:02"]

1. Nf3 d5 2. g3 c6 3. Bg2 Bg4 4. O-O Nd7 5. c4 Bxf3 6. Bxf3 Ne5 7. cxd5 Nxf3+ 8. exf3 Qxd5 9. Nc3 Qd3 10. Qb3 Rb8 11. Ne4 Qxb3 12. axb3 a6 13. d4 e6 14. Bf4 Rd8 15. Rfd1 Nf6 16. Nc5 Bxc5 17. dxc5 Rxd1+ 18. Rxd1 Nd5 19. Bd6 Kd7 20. f4 h5 21. h4 f6 22. Kg2 a5 23. Kf3 b5 24. Ra1 Ra8 25. Ke4 Nb4 26. f3 f5+ 27. Ke5 a4 28. Rd1 axb3 29. Bf8+ Nd5 30. Bxg7 Rg8 31. Bh6 Rxg3 32. Rd3 Rg2 33. Rxb3 Re2+ 34. Kd4 Rc2 35. Ra3 b4 36. Ra7+ Kc8 37. Ke5 Nc7 38. Bf8 Re2+ 39. Kf6 Rxb2 40. Bd6 Nb5 41. Ra8+ Kb7 42. Rb8+ Ka7 43. Rc8 Rd2 44. Rxc6 b3 45. Rb6 Nxd6 46. Rxb3 Ne8+ 47. Kxe6 Nc7+ 48. Kxf5 Rd5+ 49. Kg6 Rxc5 50. f5 Nd5 51. Kxh5 Ne7 52. Kg4 Nxf5 53. Rd3 Kb6 54. Rb3+ Kc6 55. Ra3 Kd6 56. Ra6+ Ke5 57. f4+ Kd4 58. Rf6 Ne3+ 59. Kf3 Rc3 60. Ra6 Nd5+ 61. Kg4 Rc1 62. Ra4+ Kc5 63. h5 Kd6 64. Ra6+ Ke7 65. Kf5 Rf1 66. Ke5 Nxf4 67. Ra7+ Ke8 68. h6 Ng6+ 69. Ke6 Nf8+ 70. Kd6 Rf6+ 71. Ke5 Rxh6 72. Rg7 Nd7+ 73. Kf5 Rf6+ 74. Kg5 Rf1 75. Rh7 Nf8 76. Ra7 Ne6+ 77. Kg6 Nc5 78. Kg7 Nd7 79. Kg6 Ke7 80. Kg5 Ke6 81. Ra6+ Ke5 82. Ra5+ Ke6 83. Ra6+ Ke7 84. Ra7 Kd6 85. Ra6+ Kd5 86. Ra5+ Nc5 87. Ra8 Ke5 88. Kg4 Rf4+ 89. Kg3 Ne4+ 90. Kg2 Rf2+ 91. Kg1 Rc2 92. Rf8 Kd4 93. Kf1 Ke3 94. Kg1 Ng5 95. Re8+ Kf3 96. Rf8+ Kg3 97. Kf1 Ne4 98. Ke1 Ng5 99. Kd1 Ra2 100. Rg8 Kf4 101. Kc1 Ne4 102. Rh8 Ke3 103. Rh3+ 1-0


[Site "https://www.chess.com"]

[Event "Titled Tuesday Blitz January 31 Early 2023"]
[White "Sokolovsky, Yahli"]
[Black "Cella, Glaucio Dalla Cortt"]
[WhiteFideId "2820242"]
[BlackFideId "2119455"]
[WhiteElo "2461"]
[BlackElo "1894"]
[Result "0-1"]
[Round "07"]
[TimeControl "180+2"]
[Date "2023.01.31"]
[WhiteClock "0:00:01"]
[BlackClock "0:00:12"]

1. b3 d5 2. e3 c5 3. Bb2 Nc6 4. Nf3 f6 5. d4 cxd4 6. exd4 Bg4 7. Be2 Nh6 8. O-O e6 9. Re1 Qd7 10. Nh4 Bxe2 11. Qxe2 Kf7 12. f4 Bd6 13. g3 Rac8 14. c3 Rhe8 15. Nd2 Kg8 16. Nhf3 Bc7 17. Qg2 e5 18. fxe5 fxe5 19. Nxe5 Nxe5 20. dxe5 Bb6+ 21. Kh1 Ng4 22. h3 Nxe5 23. Kh2 Nd3 24. Rxe8+ Rxe8 25. Nf3 Nxb2 26. Qxb2 Qb5 27. Re1 Rxe1 28. Nxe1 Qf1 29. Qg2 Qxe1 30. Qxd5+ Kf8 31. Qf5+ Ke7 32. Qg5+ Kd6 33. Qf4+ Qe5 34. Qf8+ Qe7 35. Qf4+ Kd7 36. Qa4+ Kc8 37. Qg4+ Kb8 38. Qf4+ Bc7 39. Qf2 a6 40. c4 Qg5 41. Qf8+ Ka7 42. Qf2+ Bb6 43. Qc2 Qe3 44. h4 Qf2+ 45. Qxf2 Bxf2 46. Kg2 Bc5 47. Kf3 b5 48. cxb5 axb5 49. a4 b4 50. g4 h6 51. Ke4 Kb6 52. Kf5 Bf2 53. h5 Be3 54. Kg6 Bd4 55. Kf7 Bf6 56. Kg6 Kc5 57. Kf7 Kd4 58. Kg6 Kc5 59. Kf7 Bd4 60. Kg6 Kd5 61. g5 hxg5 62. Kxg5 Ke4 63. Kg6 Kd3 64. a5 Kc3 65. a6 Kxb3 66. Kf7 Ka4 67. Ke6 Kb5 68. Kd5 Ba7 69. h6 gxh6 0-1


[Site "https://www.chess.com"]

[Event "Titled Tuesday Blitz January 31 Early 2023"]
[White "Ilkhomi, Jaloliddin"]
[Black "Ajay, Karthikeyan"]
[WhiteFideId "14700948"]
[BlackFideId "35011685"]
[WhiteElo "1997"]
[BlackElo "2454"]
[Result "1/2-1/2"]
[Round "07"]
[TimeControl "180+2"]
[Date "2023.01.31"]
[WhiteClock "0:00:04"]
[BlackClock "0:00:44"]

1. d4 b6 2. Nf3 Bb7 3. c3 g6 4. Bf4 Bg7 5. Nbd2 d6 6. e4 Nd7 7. Bd3 e5 8. Bg3 Ne7 9. O-O O-O 10. Qe2 a6 11. dxe5 Nxe5 12. Nxe5 dxe5 13. Rfd1 Qe8 14. a4 Nc8 15. Nc4 Qe7 16. f3 Nd6 17. Nxd6 Qxd6 18. Bc4 Qe7 19. Bd5 c6 20. Bb3 b5 21. Bf2 Rfd8 22. axb5 axb5 23. Rxa8 Rxa8 24. Qe3 Bf8 25. Qb6 Ra6 26. Qd8 Qxd8 27. Rxd8 Ra1+ 28. Rd1 Rxd1+ 29. Bxd1 b4 30. c4 Ba6 31. b3 f5 32. Bc2 Bc8 33. Kf1 Kf7 34. Ke2 Be6 35. Be1 Bc5 36. Bf2 Bxf2 37. Kxf2 f4 38. Bd3 Ke7 39. Bf1 Kd6 40. Ke2 Kc5 41. Kd3 g5 42. Be2 h5 43. h3 Kb6 44. Bd1 Kc5 45. Be2 Bf7 46. Bd1 Kd6 47. Be2 Ke7 48. Bd1 Be6 49. Ke2 g4 50. h4 gxf3+ 51. gxf3 Kd6 52. Kd3 Kc5 53. Be2 Bh3 54. Bd1 Bf1+ 55. Kc2 Kd4 56. Kd2 c5 57. Bc2 Bg2 58. Bd1 Bf1 59. Bc2 Bh3 60. Bd1 Bg2 61. Be2 Bh1 62. Bd1 Bg2 63. Be2 Bh3 64. Bd1 Bf1 1/2-1/2


[Site "https://www.chess.com"]

[Event "Titled Tuesday Blitz January 31 Early 2023"]
[White "Biastoch, Bennet"]
[Black "Papasimakopoulos, Alexandros"]
[WhiteFideId "12939889"]
[BlackFideId "4244125"]
[WhiteElo "2257"]
[BlackElo "2401"]
[Result "0-1"]
[Round "07"]
[TimeControl "180+2"]
[Date "2023.01.31"]
[WhiteClock "0:00:12"]
[BlackClock "0:00:06"]

1. e4 e6 2. d4 d5 3. Nc3 Bb4 4. e5 c5 5. a3 Bxc3+ 6. bxc3 Nc6 7. Qg4 g6 8. h4 h6 9. h5 g5 10. f4 f5 11. Qg3 g4 12. dxc5 Qa5 13. Qe3 d4 14. Qd3 Qxc5 15. Ne2 dxc3 16. Qxc3 Qxc3+ 17. Nxc3 a6 18. Na4 Nge7 19. Nb6 Rb8 20. a4 Nd4 21. Bd3 Bd7 22. Bb2 Ndc6 23. Ba3 Rd8 24. g3 Na5 25. Bb4 Nac6 26. Bd6 Nc8 27. Nc4 b5 28. axb5 axb5 29. Ne3 Nxd6 30. exd6 Nb4 31. Ke2 Bc6 32. Rhb1 Nxd3 33. cxd3 Rxd6 34. Ra7 Rd7 35. Rxd7 Kxd7 36. Nc2 Rb8 37. Nb4 Kd6 38. Ke3 Be8 39. Ra1 Rc8 40. Kd4 Ke7 41. Ra7+ Kf6 42. Rh7 Rd8+ 43. Kc5 Bxh5 44. Rxh6+ Bg6 45. Rh1 Be8 46. Re1 Rc8+ 47. Kd4 Bd7 48. Ra1 Be8 49. Ra7 Rc1 50. Ra8 Bf7 51. Ke3 Rf1 52. Ke2 Rf3 53. Nc6 Rxg3 54. Ne5 Bh5 55. Rf8+ Ke7 56. Rh8 Rh3 57. Kf2 b4 58. Rb8 Rh2+ 59. Kg3 Rb2 60. Rb7+ Kd8 61. Nc4 Rb3 62. Kf2 Rxd3 63. Rxb4 Rd4 64. Rb8+ Kc7 65. Rh8 Rxf4+ 66. Ke3 Rxc4 67. Rxh5 Kd6 68. Rh8 Ke5 69. Ra8 Rc3+ 70. Kf2 f4 71. Ra4 Rc2+ 72. Ke1 Kf5 73. Ra5+ e5 74. Ra4 g3 75. Kf1 f3 76. Ra1 Kg4 77. Kg1 Kh3 78. Rd1 e4 79. Re1 e3 80. Kf1 e2+ 81. Rxe2 Rxe2 82. Kg1 Re1# 0-1


[Site "https://www.chess.com"]